 Dungeon Crawl Stone Soup version 0.17-a0-1887-g3e50df6 (webtiles) character file.

136 kae the Archer (level 4, -1/29 HPs)
             Began as a High Elf Hunter on Sept 23, 2015.
             Shot with an arrow by a centaur (6 damage)
             ... on level 4 of the Dungeon.
             The game lasted 00:05:07 (3635 turns).

kae the Archer (High Elf Hunter)                    Turns: 3635, Time: 00:05:07

Health: -1/29      AC:  4    Str: 11    XL:     4   Next: 98%
Magic:  5/5        EV: 12    Int: 15    God:
Gold:   147        SH:  0    Dex: 16    Spells: 0 memorised, 3 levels left

rFire  + . .     SeeInvis .     a - +1 shortbow
rCold  . . .     Clarity  .     d - +0 leather armour
rNeg   . . .     SustAt   .     (no shield)
rPois  .         Gourm    .     (no helmet)
rElec  .         Spirit   .     (no cloak)
rCorr  .         Warding  .     m - +0 pair of gloves
rMut   .         Stasis   .     (no boots)
MR     .....                    i - amulet of regeneration
Stlth  ++........               (no ring)
                                e - ring of protection from fire

@: not resistant to hostile enchantments, unstealthy
A: no striking features
a: no special abilities


You were on level 4 of the Dungeon.
You were not hungry.

You visited 1 branch of the dungeon, and saw 4 of its levels.

You collected 147 gold pieces.

Inventory:

Hand weapons
 a - a +1 shortbow (weapon)
 b - a +0 short sword
Missiles
 c - 22 arrows (quivered)
 l - 24 arrows of frost
Armour
 d - a +0 leather armour (worn)
 m - a +0 pair of gloves (worn)
Jewellery
 e - a ring of protection from fire (left hand)
 i - an amulet of regeneration (around neck)
Scrolls
 o - 2 scrolls of fog
 p - a scroll of remove curse
Potions
 f - a potion of invisibility {unknown}
 g - 2 potions of curing
 h - a potion of degeneration {unknown}
 k - 2 potions of lignification {unknown}
 u - 2 potions of haste {unknown}
Comestibles
 j - 2 meat rations
 n - 3 bread rations
 q - a chunk of flesh
 t - a beef jerky


   Skills:
 - Level 2.0 Fighting
 + Level 8.3 Bows
 - Level 2.1 Dodging
 - Level 1.1 Stealth


You had 3 spell levels left.
You didn't know any spells.

Dungeon Overview and Level Annotations

Branches:
Dungeon (4/15)
 Temple: D:4-7

Altars:
Ru
Zin

Portals:
Ossuary: D:4


Message History

The arrow hits the centaur but does no damage.
The centaur shoots an arrow.
The arrow hits you!
Firing (i - inventory. (,) - cycle):
c - 25 arrows (quivered)
Press: ? - help, Shift-Dir - straight line, f/p - centaur
Aim: a centaur, wielding an enchanted shortbow You shoot an arrow.
The arrow hits the centaur.
The centaur is moderately wounded.
The centaur shoots an arrow.
The arrow hits you.
* * * LOW HITPOINT WARNING * * *
Firing (i - inventory. (,) - cycle):
c - 24 arrows (quivered)
Press: ? - help, Shift-Dir - straight line, f/p - centaur
Aim: a centaur, wielding an enchanted shortbow (moderately wounded)
You shoot an arrow. The arrow barely misses the centaur.
Firing (i - inventory. (,) - cycle):
c - 23 arrows (quivered)
Press: ? - help, Shift-Dir - straight line, f/p - centaur
Aim: a centaur, wielding an enchanted shortbow (moderately wounded)
You shoot an arrow. The arrow hits the centaur!
The centaur is severely wounded.
The centaur shoots an arrow.
The arrow hits you.
You die...

### #.# ..# #.# #.# #.#
######## #)# #......#
#.# #.....@# #####.#
#.....(#
...##.#####......#######
..........').....'.....>
##.##8#.##.8....S##.8.#.
#.###.....#...c.# ....
#[# #..........(# .8.
#.#......∩.....((. ..
#.#.#............#. .


You could see a centaur and an adder.

Vanquished Creatures
  6 adders
  An ooze (D:2)
  A worm (D:1)
  5 giant geckos
  4 orcs (D:4)
  3 ball pythons (D:1)
  4 giant cockroaches
  11 goblins
  7 hobgoblins
  6 kobolds
  7 bats
  12 giant newts
  2 quokkas
  12 rats
81 creatures vanquished.

Notes
Turn   | Place    | Note
--------------------------------------------------------------
     0 | D:1      | kae the High Elf Hunter began the quest for the Orb.
     0 | D:1      | Reached XP level 1. HP: 14/14 MP: 2/2
   416 | D:1      | Reached XP level 2. HP: 19/19 MP: 3/3
   473 | D:1      | Reached skill level 6 in Bows
  1439 | D:1      | Reached XP level 3. HP: 5/24 MP: 4/4
  2264 | D:1      | Reached skill level 7 in Bows
  2664 | D:2      | Reached XP level 4. HP: 29/29 MP: 5/5
  3093 | D:3      | Found a glowing silver altar of Zin.
  3240 | D:3      | Reached skill level 8 in Bows
  3328 | D:3      | Found a sacrificial altar of Ru.
  3568 | D:4      | Found a sand-covered staircase.
  3628 | D:4      | Noticed a centaur
  3635 | D:4      | Shot with an arrow by a centaur

Vault maps used:
D:1:      saegor_arrival_simple_d
D:2:      minmay_lizard_king
D:3:      zin_treasury, nicolae_ru_path_of_blood, first_bread
D:4:      minmay_temple_entry_statues_pillars,
          lightli_ossuary_entry_decrepit_ruins

Action                   |  1- 3 |  4- 6 || total
-------------------------+-------+-------++-------
Melee: Short sword       |   139 |    77 ||   216
 Fire: Shortbow          |    37 |    38 ||    75
  Use: Scroll            |       |     5 ||     5
 Stab: Sleeping          |     2 |     1 ||     3
  Eat: Chunk             |     3 |     2 ||     5
       Bread ration      |     1 |       ||     1
